 Dungeon Crawl Stone Soup version 0.21.1-1-g345015fe64 (webtiles) character file.

180151 Gunterle the Fencer (level 18, -1/130 HPs)
             Began as an Octopode Berserker on July 22, 2018.
             Was a High Priest of Trog.
             Shot with a bolt by a yaktaur captain (37 damage)
             ... on level 1 of the Depths on July 24, 2018.
             The game lasted 05:26:30 (43272 turns).

Gunterle the Fencer (Octopode Berserker)           Turns: 43272, Time: 05:26:30

Health: -1/130     AC:  8    Str: 16    XL:     18   Next: 26%
Magic:  26/26      EV: 24    Int: 11    God:    Trog [*****.]
Gold:   312        SH: 19    Dex: 20    Spells: 17/17 levels left

rFire    + . .     SeeInvis .   T - +6 demon blade (venom)
rCold    + . .     Gourm    .   B - +4 shield
rNeg     . . .     Faith    .   (helmet restricted)
rPois    .         Spirit   .   A - +3 amulet of reflection
rElec    .         Reflect  +   d - ring of protection from magic
rCorr    .         Harm     .   x - +4 ring of protection
MR       ++...                  M - ring of protection from cold
Stlth    +++++++...             j - +2 ring of dexterity
HPRegen  0.31/turn              n - +4 ring of slaying
MPRegen  0.20/turn              y - ring of flight
                                N - +3 ring of protection
                                P - ring of protection from fire

@: berserk cooldown, slowed, very slow
A: almost no armour, stealthy swim, amphibious, 8 rings, constrict 8, camouflage
1, gelatinous body 1
a: Berserk, Trog's Hand, Brothers in Arms, Burn Spellbooks, Renounce Religion,
Evoke Flight


You were on level 1 of the Depths.
You worshipped Trog.
Trog was extremely pleased with you.
You were not hungry.

You visited 7 branches of the dungeon, and saw 28 of its levels.
You also visited: Labyrinth and Ice Cave.

You collected 2482 gold pieces.
You spent 2170 gold pieces at shops.

Inventory:

Hand Weapons
 m - a +4 antimagic falchion
 o - the +3 short sword "Vonackeo" {pain, rC+ MR+ SInv}
   (You took it off a minotaur in a labyrinth)

   In the hands of one skilled in necromantic magic, it inflicts extra damage on
   living creatures.
   It protects you from cold.
   It affects your resistance to hostile enchantments.
   It lets you see invisible.
 r - a +2 rapier of holy wrath
 s - a +5 antimagic dagger
 w - a +3 great sword of holy wrath
 H - a +3 scimitar of flaming
 J - a +5 long sword of freezing
 S - a +2 long sword of holy wrath
 T - a +6 demon blade of venom (weapon)
Missiles
 l - 6 javelins of returning (quivered)
Armour
 B - a +4 shield (worn)
Jewellery
 d - a ring of protection from magic (left tentacle)
 j - a +2 ring of dexterity (on tentacle)
 n - a +4 ring of slaying (on tentacle)
 v - an uncursed ring of magical power
 x - a +4 ring of protection (right tentacle)
 y - a ring of flight (on tentacle)
 A - a +3 amulet of reflection (around mantle)
 K - an uncursed ring of fire
 M - a ring of protection from cold (on tentacle)
 N - a +3 ring of protection (on tentacle)
 P - a ring of protection from fire (on tentacle)
Wands
 c - a wand of paralysis (13)
 k - a wand of digging (37)
 G - a wand of scattershot (9)
 L - a wand of acid (6)
 Q - a wand of iceblast (3)
 U - a wand of flame (33)
Scrolls
 f - 3 scrolls of fear
 g - 4 scrolls of fog
 h - 10 scrolls of remove curse
 i - 12 scrolls of identify
 p - a scroll of silence
 z - 9 scrolls of teleportation
 Y - 3 scrolls of magic mapping
Potions
 e - 2 potions of invisibility
 q - 2 potions of flight
 u - a potion of cancellation
 C - 6 potions of curing
 D - 4 potions of lignification
 E - 2 potions of ambrosia
 Z - 3 potions of might
Books
 t - a book of Cantrips

   Spells                             Type                      Level
   a - Confusing Touch                Hexes                        1
   b - Animate Skeleton               Necromancy                   1
   c - Summon Small Mammal            Summoning                    1
   d - Apportation                    Translocation                1
   Trog disapproves of the use of such an item.
Miscellaneous
 R - a lightning rod (3/4)
Comestibles
 b - 31 rations


   Skills:
 + Level 13.7 Fighting
 + Level 8.1(13.1) Short Blades
 - Level 16.0(16.5) Long Blades
   Level 6.5 Slings
 + Level 13.7 Dodging
 + Level 15.5 Stealth
 + Level 10.8 Shields
 - Level 11.1 Evocations


You had 17 spell levels left.
You didn't know any spells.

Dungeon Overview and Level Annotations

Branches:
Dungeon (15/15)            Temple (1/1) D:6            Lair (6/6) D:8
  Swamp (1/4) Lair:2       Spider (0/4) Lair:4        Slime (0/5) Lair:6
    Orc (2/2) D:11            Elf (2/3) Orc:2        Vaults (0/5) D:14
 Depths (1/5) D:15

Altars:
Ashenzari
Cheibriados
Dithmenos
Elyvilon
Fedhas
Gozag
Hepliaklqana
Kikubaaqudgha
Makhleb
Nemelex Xobeh
Okawaru
Ru
Sif Muna
Trog
Uskayaw
Vehumet
Wu Jian
Xom
Yredelemnul
Zin
The Shining One
Beogh
Jiyva

Shops:
D:14 *   Orc:2 (?*?}   Elf:1 }=}

Portals:
Hell: Depths:1

Annotations:
D:4 Ablot's ghost, amateur GnWn
D:7 4 runed doors
Swamp:1 exclusion: shambling mangrove


Innate Abilities, Weirdness & Mutations

You cannot wear most types of armour.
You are very stealthy in the water. (Stealth+)
You are amphibious.
You can wear up to eight rings at the same time.
You can use your tentacles to constrict eight enemies at once.
Your skin changes colour to match your surroundings (Stealth+).
Your rubbery body absorbs attacks. (AC +1, EV +1)


Message History

You block the yaktaur captain's attack.
There is an open door, spattered with blood here.
Items here: (( )) an uncursed great sword; an uncursed longbow of freezing; 16 arrows; a bolt You slash the yaktaur captain!
The yaktaur captain looks as sick as possible!
The yaktaur captain is severely wounded.
The yaktaur captain shoots a bolt.
The bolt hits you!!!
* * * LOW HITPOINT WARNING * * *
You are too injured to fight recklessly!
You barely miss the yaktaur captain. You squeeze the yaktaur captain.
The yaktaur captain is almost dead.
You block the yaktaur captain's attack.
The yaktaur captain moves out of view.
The yaktaur captain hits you.
* * * LOW HITPOINT WARNING * * *
Your skin stops crawling.
You feel less resistant to hostile enchantments.
The yaktaur captain wields an uncursed arbalest.
The yaktaur captain shoots a bolt.
The bolt hits you!!!
You die...

#......#..............
#........#############
#......### #......# #......#
### #########......# +.. #
#..............# #.# #
#.......##..#.## #.## .#
####.......##...@#####..##...#
..[........##..#.#()#8.(......
####............)c()'c.((.....
..##.......#...#(#.)#8...(....
#.##.......##....#####..##.(.#
...#.......##..#.## #.## ...#
#......<...##(....# #.# ...
#..#......)##.....# +.. .e
...#.......##.....# ###


You could see a yaktaur captain.

Vanquished Creatures
  Saint Roka (Orc:2)
  Nikola (Elf:1)
  A tentacled monstrosity (Swamp:1)
  Frances (Elf:1)
  Kirke (Elf:1)
  A tengu reaver (Depths:1)
  A deep elf sorcerer (Elf:1)
  A frost giant (Depths:1)
  A stone giant (Depths:1)
  2 entropy weavers
  The ghost of imnir the Severer, a journeyman HOFi of Beogh (D:13)
  Nessos (Orc:2)
  Azrael (D:11)
  A deep elf annihilator (Elf:2)
  2 ettins
  A fire dragon (Depths:1)
  A minotaur (Lab)
  2 ogre magi
  4 hydras
  4 vault guards (D:14)
  6 centaur warriors
  3 catoblepae (Lair:6)
  3 alligators (Swamp:1)
  20 dancing weapons
  5 two-headed ogres
  14 death yaks (Lair:6)
  5 orc high priests (Orc:2)
  A tengu warrior (Depths:1)
  Urug (Lair:5)
  A queen ant (Lair:4)
  16 deep elf knights
  5 skeletal warriors (D:15)
  Nergalle (Lair:1)
  4 unseen horrors
  A deep troll (D:15)
  2 deep elf archers
  3 swamp dragons
  9 orc knights
  A lindwurm (Lair:4)
  The ghost of SlightEye the Fighter, a novice FoFi of Okawaru (D:6)
  19 ugly things
  An orc sorcerer (D:11)
  2 cyclopes
  An orb spider (Lair:4)
  47 deep elf magi
  An oklob plant (Lair:2)
  A centaur zombie (D:14)
  2 manticores (Lair:6)
  20 elephants
  3 black mambas
  Maurice (D:9)
  2 ice statues (IceCv)
  9 spiny frogs
  A gargoyle (D:15)
  2 torpor snails
  2 freezing wraiths (D:14)
  A yaktaur (D:15)
  6 rime drakes
  A kobold demonologist (D:8)
  2 efreet
  A redback zombie (D:14)
  7 komodo dragons
  8 trolls
  A wolf spider simulacrum (D:14)
  Prince Ribbit (D:8)
  2 polar bears
  2 hornets (Swamp:1)
  4 dream sheep
  19 blink frogs
  11 slime creatures
  6 hippogriffs
  2 spriggans (Swamp:1)
  3 shadows
  5 water elementals
  Sigmund (D:2)
  A vampire (D:15)
  4 wyverns
  A basilisk (Lair:2)
  36 yaks
  8 fire elementals
  2 hungry ghosts (D:10)
  Eustachio (D:4)
  12 vampire mosquitoes
  Menkaure (D:4)
  2 hogs (Elf:1)
  4 wargs
  2 swamp worms (Swamp:1)
  25 soldier ants
  13 water moccasins
  Duvessa (D:4)
  A hell hound (Orc:1)
  10 porcupines
  A hornet zombie (D:12)
  A swamp drake (Swamp:1)
  42 orc warriors
  8 ice beasts
  2 black bears
  An eye of draining (D:8)
  A necrophage (D:5)
  5 sky beasts
  2 phantoms (D:10)
  4 wolves (Lair:1)
  9 ogres
  19 crocodiles
  6 centaurs
  9 big kobolds
  A gnoll sergeant (Orc:1)
  16 bullfrogs
  2 earth elementals
  Dowan (D:4)
  A troll zombie (D:11)
  5 scorpions
  A wyvern skeleton (D:13)
  5 killer bees (D:11)
  A troll skeleton (Lab)
  2 electric eels
  3 howler monkeys (D:10)
  15 wights
  A spriggan skeleton (Lab)
  10 crimson imps
  4 bullfrog zombies
  2 jellies
  30 orc priests
  8 hounds
  A bullfrog skeleton (D:5)
  8 centaur skeletons
  2 iguanas
  Crazy Yiuf (D:6)
  25 orc wizards
  24 worker ants
  7 ogre zombies (D:11)
  A hound zombie (D:10)
  3 hound skeletons
  A worker ant zombie (D:11)
  3 gnolls
  11 adders
  4 shadow imps
  An ooze (D:1)
  An adder skeleton (D:4)
  4 worms
  4 dart slugs
  7 leopard geckos
  121 orcs
  7 giant cockroaches
  13 goblins
  6 hobgoblins
  8 jackals
  2 quokkas
  A ball python (D:1)
  11 bats
  6 frilled lizards
  5 goblin zombies (D:11)
  A hobgoblin skeleton (D:11)
  4 hobgoblin zombies (D:11)
  28 kobolds
  A leopard gecko zombie (D:6)
  2 orc skeletons (D:11)
  13 orc zombies (D:11)
  4 rats
  2 fungi
  2 plants
1015 creatures vanquished.

Vanquished Creatures (collateral kills)
  A yaktaur captain (Depths:1)
  A hydra (Swamp:1)
  A centaur warrior (Depths:1)
  2 deep elf magi (Elf:1)
  A bog body (Swamp:1)
6 creatures vanquished.

Vanquished Creatures (others)
  Aizul (Elf:1)
  A yaktaur captain (Depths:1)
  A human (Elf:1)
  A yak (Lair:6)
  9 fungi
  13 plants
26 creatures vanquished.

Grand Total: 1047 creatures vanquished

Notes
Turn   | Place    | Note
-------+----------+-------------------------------------------
     0 | D:1      | Gunterle the Octopode Berserker began the quest for the Orb.
     0 | D:1      | Reached XP level 1. HP: 16/16 MP: 1/1
   223 | D:1      | Reached XP level 2. HP: 21/21 MP: 2/2
   233 | D:1      | Reached skill level 1 in Stealth
   464 | D:1      | Reached XP level 3. HP: 26/26 MP: 3/3
  1024 | D:2      | Reached ** piety under Trog
  1140 | D:2      | Reached XP level 4. HP: 30/31 MP: 4/4
  1318 | D:2      | Noticed Sigmund
  1344 | D:2      | Killed Sigmund
  1344 | D:2      | Reached skill level 4 in Long Blades
  1344 | D:2      | Reached skill level 1 in Shields
  1344 | D:2      | Reached XP level 5. HP: 37/37 MP: 5/5
  1683 | D:2      | Reached XP level 6. HP: 43/43 MP: 6/6
  1858 | D:3      | Found a faded altar of an unknown god.
  1970 | D:3      | Found an iron altar of Okawaru.
  2421 | D:3      | Found a snail-covered altar of Cheibriados.
  2643 | D:4      | Found a bloodstained altar of Trog.
  2736 | D:4      | Noticed Menkaure
  2744 | D:4      | Killed Menkaure
  2744 | D:4      | Reached skill level 5 in Long Blades
  2747 | D:4      | Reached XP level 7. HP: 48/48 MP: 7/7
  2860 | D:4      | Noticed Dowan
  2862 | D:4      | Noticed Duvessa
  2971 | D:4      | Killed Duvessa
  2973 | D:4      | Killed Dowan
  2973 | D:4      | Reached *** piety under Trog
  3162 | D:4      | Noticed Eustachio
  3177 | D:4      | Killed Eustachio
  3238 | D:4      | Reached XP level 8. HP: 54/54 MP: 8/8
  3430 | D:4      | Reached skill level 5 in Stealth
  3499 | D:4      | Noticed Ablot's ghost (amateur GnWn)
  3603 | D:4      | Reached skill level 6 in Long Blades
  3707 | D:5      | Entered Level 5 of the Dungeon
  4044 | D:5      | Reached skill level 5 in Fighting
  4044 | D:5      | Reached skill level 5 in Dodging
  4126 | D:5      | Found a glowing silver altar of Zin.
  4207 | D:5      | Found a radiant altar of Vehumet.
  4397 | D:5      | Reached **** piety under Trog
  4689 | D:6      | Found a staircase to the Ecumenical Temple.
  4691 | D:6      | Reached skill level 7 in Long Blades
  4704 | Temple   | Entered the Ecumenical Temple
  5014 | D:6      | Found an ancient bone altar of Kikubaaqudgha.
  5032 | D:6      | Reached XP level 9. HP: 47/61 MP: 9/9
  5328 | D:6      | Noticed SlightEye's ghost (novice FoFi)
  5378 | D:6      | Killed SlightEye's ghost
  5378 | D:6      | Reached skill level 8 in Long Blades
  5718 | D:6      | Found a runed door.
  5967 | D:6      | Noticed Crazy Yiuf
  5971 | D:6      | Killed Crazy Yiuf
  6209 | D:7      | Noticed a green ugly thing
  6276 | D:7      | Killed a green ugly thing
  6539 | D:7      | Found a huge runed gate.
  6539 | D:7      | Found a huge runed gate.
  6539 | D:7      | Found a huge runed gate.
  6539 | D:7      | Found a huge runed gate.
  6539 | D:7      | Noticed a polar bear
  6539 | D:7      | Noticed a manticore
  6539 | D:7      | Noticed a death yak
  6543 | D:7      | Noticed a polar bear
  6651 | D:7      | Reached XP level 10. HP: 58/69 MP: 10/10
  6825 | D:7      | Reached skill level 9 in Long Blades
  7125 | D:7      | Found a glowing silver altar of Zin.
  7348 | D:8      | Noticed Prince Ribbit
  7358 | D:8      | Killed Prince Ribbit
  7433 | D:8      | Noticed a kobold demonologist
  7440 | D:8      | Killed a kobold demonologist
  7785 | D:8      | Found a staircase to the Lair.
  8550 | D:9      | Noticed Maurice
  8843 | D:9      | Reached skill level 10 in Long Blades
  8895 | D:9      | Paralysed by Maurice for 2 turns
  8999 | D:9      | Killed Maurice
  9410 | D:10     | Entered Level 10 of the Dungeon
  9608 | D:10     | Reached skill level 10 in Stealth
  9608 | D:10     | Reached XP level 11. HP: 76/76 MP: 11/11
  9650 | D:10     | Reached ***** piety under Trog
 10707 | D:11     | Found a staircase to the Orcish Mines.
 10708 | D:11     | Noticed an orc sorcerer
 10735 | D:11     | Killed an orc sorcerer
 11190 | D:11     | Noticed a purple ugly thing
 11911 | D:11     | Reached skill level 11 in Long Blades
 12032 | D:11     | Killed an unseen horror
 12212 | D:11     | Received a gift from Trog
 12347 | D:11     | Killed a purple ugly thing
 12347 | D:11     | Reached skill level 1 in Evocations
 12581 | D:11     | Noticed a brown ugly thing
 12589 | D:11     | Killed a brown ugly thing
 12830 | D:11     | Noticed a deep elf mage
 12842 | D:11     | Killed a deep elf mage
 13146 | D:12     | Found a labyrinth entrance.
 13159 | Lab      | Entered a labyrinth
 14051 | Lab      | Noticed a minotaur
 14060 | Lab      | Killed a minotaur
 14063 | Lab      | Got a jewelled short sword {pain}
 14064 | Lab      | Identified the Catalogue of Ghastly Execration
 14073 | Lab      | Identified the Incunabulum of the Traveller
 14077 | Lab      | Identified Sif Muna's Incunabulum of Stones
 14135 | Lab      | Identified the +3 short sword "Vonackeo" {pain, rC+ MR+ SInv} (You took it off a minotaur in a labyrinth)
 14185 | D:12     | Reached XP level 12. HP: 82/84 MP: 14/14
 14200 | D:12     | Noticed a two-headed ogre
 14657 | D:12     | Killed a two-headed ogre
 14657 | D:12     | Reached skill level 12 in Long Blades
 15136 | Orc:1    | Entered Level 1 of the Orcish Mines
 15562 | Orc:1    | Found a roughly hewn altar of Beogh.
 15680 | Orc:1    | Received a gift from Trog
 16056 | Orc:2    | Entered Level 2 of the Orcish Mines
 16056 | Orc:2    | Found Gidirau's Antique Weapon Shoppe.
 16056 | Orc:2    | Noticed Azrael
 16357 | D:11     | Killed Azrael
 16357 | D:11     | Reached skill level 1 in Slings
 17040 | Orc:2    | Found a roughly hewn altar of Beogh.
 17294 | Orc:2    | Noticed Nessos
 17309 | Orc:2    | Killed Nessos
 17401 | Orc:2    | Found a staircase to the Elven Halls.
 17924 | Orc:2    | Reached ****** piety under Trog
 17924 | Orc:2    | Received a gift from Trog
 18002 | Orc:2    | Reached skill level 5 in Shields
 18037 | Orc:2    | Noticed Saint Roka
 18084 | Orc:2    | Killed Saint Roka
 18084 | Orc:2    | Reached skill level 13 in Long Blades
 18084 | Orc:2    | Reached skill level 5 in Evocations
 18084 | Orc:2    | Reached XP level 13. HP: 52/91 MP: 15/17
 19782 | Orc:2    | Reached skill level 10 in Fighting
 19782 | Orc:2    | Reached skill level 10 in Dodging
 20234 | Orc:2    | Found Yray's Assorted Antiques.
 20238 | Orc:2    | Found Cyon's Magic Scroll Shoppe.
 20239 | Orc:2    | Found Pugufeil's Magic Scroll Emporium.
 20240 | Orc:2    | Found Byjeumo's Gadget Emporium.
 20248 | Orc:2    | Bought a scroll of vulnerability for 105 gold pieces
 20250 | Orc:2    | Bought a scroll of enchant weapon for 105 gold pieces
 20250 | Orc:2    | Bought a scroll of identify for 28 gold pieces
 20250 | Orc:2    | Bought a scroll of enchant weapon for 105 gold pieces
 20250 | Orc:2    | Bought a scroll of identify for 28 gold pieces
 20250 | Orc:2    | Bought a scroll of identify for 28 gold pieces
 20250 | Orc:2    | Bought a scroll of identify for 28 gold pieces
 20257 | Orc:2    | Bought a scroll of enchant weapon for 135 gold pieces
 20260 | Orc:2    | Bought a lightning rod (4/4) for 440 gold pieces
 20263 | Orc:2    | Bought a bubbling blue potion for 18 gold pieces
 20492 | Orc:2    | Bought a runed long sword for 136 gold pieces
 20492 | Orc:2    | Bought a runed falchion for 126 gold pieces
 20582 | Orc:1    | Noticed an ettin
 20590 | Orc:1    | Killed an ettin
 20845 | Lair:1   | Entered Level 1 of the Lair of Beasts
 20866 | Lair:1   | Noticed Nergalle
 20877 | Lair:1   | Killed Nergalle
 21074 | Lair:1   | Received a gift from Trog
 21125 | Lair:1   | Found a frozen archway.
 21148 | IceCv    | Entered an ice cave
 21150 | IceCv    | Found a transporter.
 21153 | IceCv    | Reached skill level 5 in Slings
 21447 | Lair:1   | Reached XP level 14. HP: 88/99 MP: 19/19
 22141 | Lair:2   | Reached skill level 14 in Long Blades
 22695 | Lair:2   | Found a staircase to the Swamp.
 23565 | Orc:2    | Bought a scroll of identify for 40 gold pieces
 23568 | Orc:2    | Bought a scroll of fog for 28 gold pieces
 23569 | Orc:2    | Bought a scroll of identify for 36 gold pieces
 23569 | Orc:2    | Bought a scroll of identify for 36 gold pieces
 23569 | Orc:2    | Bought a scroll of identify for 36 gold pieces
 24858 | Lair:3   | Received a gift from Trog
 25694 | Lair:4   | Found a hole to the Spider Nest.
 26738 | Lair:5   | Noticed an entropy weaver
 26766 | Lair:4   | Killed an entropy weaver
 26917 | Lair:5   | Noticed an entropy weaver
 26982 | Lair:5   | Killed an entropy weaver
 27473 | Lair:5   | Received a gift from Trog
 27555 | Lair:5   | Reached XP level 15. HP: 106/106 MP: 21/21
 27801 | Lair:5   | Noticed Urug
 27813 | Lair:5   | Killed Urug
 28485 | Lair:6   | Entered Level 6 of the Lair of Beasts
 28893 | Lair:6   | Found a viscous altar of Jiyva.
 28893 | Lair:6   | Found a staircase to the Slime Pits.
 29273 | Lair:6   | Reached skill level 15 in Long Blades
 29692 | Lair:6   | Received a gift from Trog
 31684 | D:13     | Found a blossoming altar of Fedhas.
 31718 | D:13     | Identified a scroll of acquirement
 31720 | D:13     | Got an ichor-stained hat
 31721 | D:13     | Identified the -5 hat of the Thinker {rCorr Str+4 Slay-3} (You acquired it on level 13 of the Dungeon)
 31852 | D:13     | Received a gift from Trog
 31981 | D:13     | Noticed imnir's ghost (journeyman HOFi)
 31990 | D:13     | Killed imnir's ghost
 32654 | D:14     | Found a shadowy altar of Dithmenos.
 32657 | D:14     | Reached XP level 16. HP: 85/114 MP: 23/23
 32718 | D:14     | Found a gate to the Vaults.
 33112 | D:14     | Received a gift from Trog
 33113 | D:14     | Got a dazzling halberd {god gift}
 33128 | D:14     | Identified the +10 halberd of the Valley of Death {flame, Str+4} (Trog gifted it to you on level 14 of the Dungeon)
 33297 | Orc:2    | Bought a scroll of enchant armour for 135 gold pieces
 33301 | Orc:2    | Bought a scroll of enchant armour for 150 gold pieces
 33546 | D:14     | Found Ezxif's General Store.
 33555 | D:14     | Bought 2 potions of invisibility for 240 gold pieces
 33555 | D:14     | Bought a potion of heal wounds for 75 gold pieces
 33589 | D:14     | Bought a scroll of silence for 112 gold pieces
 33677 | D:14     | Reached skill level 16 in Long Blades
 33863 | D:15     | Entered Level 15 of the Dungeon
 33908 | D:14     | Reached skill level 10 in Evocations
 34555 | D:15     | Found a staircase to the Depths.
 35403 | D:15     | Received a gift from Trog
 36028 | Swamp:1  | Entered Level 1 of the Swamp
 36182 | Swamp:1  | Noticed a tentacled monstrosity
 36208 | Swamp:1  | Killed a tentacled monstrosity
 36208 | Swamp:1  | Received a gift from Trog
 36208 | Swamp:1  | Reached skill level 1 in Short Blades
 36737 | Elf:1    | Entered Level 1 of the Elven Halls
 37224 | Elf:1    | Noticed Nikola
 37243 | Elf:1    | Reached XP level 17. HP: 121/121 MP: 25/25
 37250 | Elf:1    | Killed Nikola
 37298 | Elf:1    | Reached skill level 15 in Stealth
 37686 | Elf:1    | Received a gift from Trog
 37720 | Elf:1    | Identified Cochitil's Reference Book on Attacks
 37943 | Elf:1    | Noticed Frances
 37974 | Elf:1    | Killed Frances
 38025 | Elf:1    | Noticed Kirke
 38087 | Elf:1    | Noticed Aizul
 38093 | Elf:1    | Killed Kirke
 38100 | Elf:1    | Killed Aizul
 38306 | Elf:1    | Found Fyxir's Gadget Emporium.
 38310 | Elf:1    | Found Sounkuth's Jewellery Boutique.
 38311 | Elf:1    | Found Forchyuz's Gadget Emporium.
 38782 | Elf:2    | Reached skill level 5 in Short Blades
 38990 | Elf:2    | Found a runed gate.
 38991 | Elf:2    | Found a runed gate.
 38991 | Elf:2    | Found a runed gate.
 38999 | Elf:2    | Reached skill level 10 in Shields
 39499 | Elf:2    | Received a gift from Trog
 41285 | Elf:2    | Received a gift from Trog
 42429 | Depths:1 | Entered Level 1 of the Depths
 42456 | Depths:1 | Reached XP level 18. HP: 129/129 MP: 26/26
 42471 | Depths:1 | Found a shattered altar of Ashenzari.
 42529 | Depths:1 | Received a gift from Trog
 42854 | Depths:1 | Found a gateway to Hell.
 43131 | Depths:1 | Found a sparkling altar of Nemelex Xobeh.
 43272 | Depths:1 | Shot with a bolt by a yaktaur captain

Skill      XL: |  1  2  3  4  5  6  7  8  9 10 11 12 13 14 15 16 17 18 |
---------------+-------------------------------------------------------+-----
Stealth        | 1 3 4 6 8 10 11 12 13 14 15 | 15.5
Long Blades    | 4 5 7 8 10 11 13 14 15 16 | 16.0
Shields        | 1 2 3 4 5 6 7 9 10 | 10.8
Fighting       | 4 5 6 7 8 9 10 11 12 13 | 13.7
Dodging        | 4 5 6 7 8 9 10 11 12 13 | 13.7
Evocations     | 2 5 6 8 9 10 11 | 11.1
Slings         | 3 5 6 |  6.5
Short Blades   | 2 7 8 |  8.1

Action                   |  1- 3 |  4- 6 |  7- 9 | 10-12 | 13-15 | 16-18 || total
-------------------------+-------+-------+-------+-------+-------+-------++-------
Melee: Falchion          |    50 |    10 |     7 |   132 |       |       ||   199
       Tentacles         |    20 |    22 |    43 |   163 |   260 |   247 ||   755
       Constrict         |    19 |    27 |    41 |   131 |   125 |   119 ||   462
       Dagger            |       |    79 |   240 |   234 |   103 |       ||   656
       Long sword        |       |       |       |   229 |   186 |    58 ||   473
       Demon blade       |       |       |       |       |   548 |   513 ||  1061
       Short sword       |       |       |       |       |    17 |   114 ||   131
       Scimitar          |       |       |       |       |     2 |     2 ||     4
 Fire: Fustibalus        |       |       |       |   113 |   156 |       ||   269
Throw: Stone             |       |       |     4 |     4 |     4 |       ||    12
       Tomahawk          |       |       |       |     1 |       |       ||     1
       Javelin           |       |       |       |       |       |    11 ||    11
Invok: Berserk           |     1 |     2 |     6 |    15 |    20 |    13 ||    57
       Trog's Hand       |       |       |       |       |     1 |     7 ||     8
       Brothers in Arms  |       |       |       |       |       |     5 ||     5
Evoke: Wand              |       |       |     2 |    27 |    16 |    14 ||    59
       Lightning rod     |       |       |       |       |     7 |     3 ||    10
  Use: Scroll            |     3 |     5 |     5 |    15 |    18 |     9 ||    55
       Potion            |       |       |     1 |     6 |     4 |     8 ||    19
 Stab: Sleeping          |     7 |     7 |    23 |    28 |    43 |    33 ||   141
       Paralysed         |       |       |       |     3 |       |     2 ||     5
       Distracted        |       |       |       |     1 |     7 |     3 ||    11
       Petrified         |       |       |       |       |     2 |       ||     2
  Eat: Chunk             |     2 |     6 |    15 |    34 |    46 |    24 ||   127
       Ration            |       |       |     1 |     5 |     6 |     8 ||    20
Armor: Skin              |     4 |     9 |    40 |    54 |    38 |    25 ||   170
Dodge: Dodged            |    28 |    37 |    78 |   382 |   360 |   228 ||  1113
Block: Buckler           |     3 |    12 |    29 |   169 |   264 |    21 ||   498
       Reflection        |       |       |       |       |     2 |    28 ||    30
       Shield            |       |       |       |       |       |   374 ||   374
       Rpst.: Falchion   |    11 |     1 |     1 |    17 |       |       ||    30
       Long sword        |       |       |       |    46 |    24 |     2 ||    72
       Demon blade       |       |       |       |       |    54 |    33 ||    87
       Scimitar          |       |       |       |       |       |     1 ||     1
